 Dungeon Crawl Stone Soup version 0.28.0-53-g5a82cb258f (webtiles) character file.

Game seed: 18073109698113201372

429 Stomo the Skirmisher (level 6, -5/33 HPs)
             Began as a Vine Stalker Fighter on July 2, 2022.
             Was a Priest of Makhleb.
             Slain by a gnoll
             ... wielding a +0 spear
              (6 damage)
             ... on level 5 of the Dungeon.
             The game lasted 00:04:13 (2997 turns).

Stomo the Skirmisher (Vine Stalker Fighter)         Turns: 2997, Time: 00:04:14

Health: -5/33      AC:  9    Str: 21    XL:     6   Next: 98%
Magic:  0/8        EV:  8    Int:  8    God:    Makhleb [***...]
Gold:   210        SH:  5    Dex: 13    Spells: 5/5 levels left

rFire   + . .      SeeInvis .   a - +0 flail
rCold   . . .      Faith    .   c - +0 buckler
rNeg    . . .      Spirit   +   e - +0 chain mail
rPois   .          Reflect  .   (no helmet)
rElec   .          Harm     .   (no cloak)
rCorr   .          Rampage  .   (no gloves)
Will    .....                   (no boots)
Stlth   ..........              i - amulet of regeneration
HPRegen 1.71/turn               k - ring of wizardry
MPRegen 0.11/turn               q - ring of protection from fire

@: no status effects
A: fangs 2, regeneration 1, magic shield, antimagic bite, no potion heal 2
a: Renounce Religion, Minor Destruction, Lesser Servant of Makhleb


You were on level 5 of the Dungeon.
You worshipped Makhleb.
Makhleb was most pleased with you.
You visited 1 branch of the dungeon, and saw 5 of its levels.

You collected 210 gold pieces.

Inventory:

Hand Weapons
 a - a +0 flail (weapon)
Armour
 b - a +0 scale mail
 c - a +0 buckler (worn)
 e - a +0 chain mail (worn)
Jewellery
 i - an amulet of regeneration (around neck)
 k - a ring of wizardry (left hand)
 q - a ring of protection from fire (right hand)
 s - a +6 ring of strength
 u - a ring of positive energy
 v - an amulet of reflection
Scrolls
 f - 3 scrolls of teleportation
 g - 2 scrolls of immolation {unknown}
 j - a scroll of amnesia {unknown}
 l - a scroll of enchant weapon {unknown}
 m - a scroll of magic mapping {unknown}
 p - a scroll of fear {unknown}
 t - a scroll of holy word {unknown}
Potions
 d - a potion of might
 h - a potion of lignification {unknown}
 n - a potion of brilliance {unknown}
 o - a potion of ambrosia {unknown}
 r - a potion of degeneration {unknown}


   Skills:
 + Level 3.7 Fighting
 + Level 3.0 Maces & Flails
 + Level 3.4 Armour
 + Level 2.0 Dodging
 + Level 3.6 Shields
 + Level 2.2 Invocations


You had 5 spell levels left.
You didn't know any spells.
Your spell library contained the following spells:

 Spells                   Type           Power      Damage    Failure   Level
 Magic Dart               Conj           0%         1d3       88%         1
 Corpse Rot               Necr/Air       0%         N/A       95%         2
 Searing Ray              Conj           0%         2d4       95%         2
 Inner Flame              Hex/Fire       0%         N/A       99%         3
 Cause Fear               Hex            0%         N/A       100%        4
 Dispel Undead            Necr           0%         3d6       100%        4
 Fulminant Prism          Conj/Hex       0%         3d6       100%        4
 Death Channel            Necr           0%         N/A       100%        6
 Discord                  Hex            0%         N/A       100%        8


Dungeon Overview and Level Annotations

Branches:
Dungeon (5/15)
 Temple: D:4-7

Altars:
Makhleb

Shops:
D:5 *


Innate Abilities, Weirdness & Mutations

You have extremely sharp teeth.
Your natural rate of healing is unusually fast.
When hurt, damage is shared between your health and your magic reserves.
Your bite disrupts and absorbs the magic of your enemies.
Potions cannot restore your health.


Message History

The gnoll shaman is almost dead.
The gnoll shaman hits you with a +0 whip.
You hit the gnoll shaman but do no damage.
You bite the gnoll shaman.
You kill the gnoll shaman!
Makhleb accepts your kill.
You can now summon a lesser servant of Makhleb.
You feel better.
Things that are here:
a +0 whip; a +0 robe; 22 sling bullets You are no longer glowing.
There is a stone staircase leading down here.
You climb downwards.
There is a stone staircase leading up, spattered with blood here.
Aiming: Minor Destruction (8% risk of failure)
Press: ? - help, Shift-Dir - straight line, f - gnoll
Aim: a gnoll, wielding a +0 spear The gnoll writhes in agony.
Unknown command.
Aiming: Minor Destruction (8% risk of failure)
Press: ? - help, Shift-Dir - straight line, f/p - gnoll
Aim: a gnoll, wielding a +0 spear (lightly wounded)
The stone arrow hits the gnoll!
You kill the gnoll!
Makhleb accepts your kill. The gnoll hits you with a +0 halberd!
The gnoll hits you but does no damage.
You hit the gnoll but do no damage. Your bite misses the gnoll.
The gnoll hits you from afar with a +0 halberd!
The gnoll barely misses you. x2
You closely miss the gnoll. Your bite misses the gnoll.
The gnoll barely misses you. The gnoll hits you but does no damage.
The gnoll hits you from afar with a +0 halberd!
The gnoll hits you with a +0 halberd!
* * * LOW HITPOINT WARNING * * *
The gnoll hits you but does no damage. You block the gnoll's attack.
The gnoll hits you from afar with a +0 halberd!
* * * LOW HITPOINT WARNING * * *
The gnoll hits you from afar with a +0 spear.
You die...

######### #.......#
#########.......#
................#
#......#.......#
##......#....g..#
......!.#.......#
.<..#........g.@####
...........†.gg....>#
##$.#.⌠.⌠......######
... #..∩.......# .
#.⌠.⌠......#
..##....[...#
#g...........#
......#.......#
###...#.......#


You could see 4 gnolls.

Vanquished Creatures
  The ghost of Diggabert the Covered, an amateur HuFi (D:3)
  Blork the orc (D:4)
  A bullfrog zombie (D:3)
  A hound (D:5)
  A gnoll shaman (D:4)
  A jelly (D:4)
  An iguana (D:4)
  A gnoll (D:5)
  2 adders
  A worm (D:4)
  5 dart slugs
  7 orcs
  5 ball pythons
  A bat (D:2)
  13 endoplasms
  2 giant cockroaches
  8 goblins
  6 hobgoblins
  5 jackals (D:1)
  5 quokkas
  A frilled lizard (D:2)
  8 kobolds
  4 rats
81 creatures vanquished.

Notes
Turn   | Place    | Note
-------+----------+-------------------------------------------
     0 | D:1      | Stomo the Vine Stalker Fighter began the quest for the Orb.
     0 | D:1      | Reached XP level 1. HP: 11/11 MP: 2/2
   253 | D:1      | Reached XP level 2. HP: 14/16 MP: 1/3
   598 | D:1      | Found a faded altar of an unknown god.
   808 | D:1      | Prayed at the altar of an unknown god.
   808 | D:1      | Became a worshipper of Makhleb the Destroyer
   808 | D:1      | Reached * piety under Makhleb
   866 | D:1      | Reached XP level 3. HP: 19/19 MP: 4/4
  1352 | D:2      | Reached skill level 1 in Dodging
  1444 | D:2      | Gained mutation: Your natural rate of healing is unusually
                  | fast. [Vine Stalker growth]
  1444 | D:2      | Reached XP level 4. HP: 24/24 MP: 5/5
  1476 | D:2      | Reached ** piety under Makhleb
  1862 | D:3      | Found a runed translucent door.
  1864 | D:3      | Noticed Diggabert's ghost (amateur HuFi)
  1876 | D:3      | Reached skill level 1 in Invocations
  1996 | D:3      | Reached XP level 5. HP: 28/28 MP: 6/6
  2373 | D:3      | Killed Diggabert's ghost
  2439 | D:4      | Reached XP level 6. HP: 32/32 MP: 8/8
  2489 | D:4      | Noticed Blork the orc
  2518 | D:4      | Killed Blork the orc
  2932 | D:5      | Entered Level 5 of the Dungeon
  2933 | D:5      | Found Luxkipni's General Store.
  2982 | D:4      | Reached *** piety under Makhleb
  2997 | D:5      | HP: 1/33 [gnoll/+0 halberd (6)]
  2997 | D:5      | Slain by a gnoll

Illustrated notes

Levels and vault maps discovered:
D:1:      eino_arrival_cavern_b, layout_loops_ring, serial_glass,
          glass_columns_c, glass_columns_b,
          hellmonk_ecumenical_altar_leap_of_faith, glass_columns_b
D:2:      layout_basic, minmay_box_of_dots
D:3:      layout_rooms, ebering_ghost_sewer_d, hangedman_glass_teeth
D:4:      layout_basic, uniq_blork_the_orc
D:5:      layout_basic, minmay_temple_entry_ruins, serial_shops, shop_fountains

Skill      XL: |  1  2  3  4  5  6 |
---------------+-------------------+-----
Maces & Flails | 2 3 |  3.0
Fighting       | 3 |  3.7
Shields        | 3 |  3.6
Dodging        | 1 2 |  2.0
Invocations    | 1 2 |  2.2
Armour         | 3 |  3.4

Action                   |  1- 3 |  4- 6 || total
-------------------------+-------+-------++-------
Melee: Flail             |    89 |   120 ||   209
       Bite              |    23 |    43 ||    66
Invok: Minor Destruction |       |     4 ||     4
  Use: Scroll            |     1 |       ||     1
Armor: Chain mail        |    45 |    82 ||   127
       Scale mail        |     1 |       ||     1
Dodge: Dodged            |    27 |    48 ||    75
Block: Buckler           |    18 |    30 ||    48
